 Dungeon Crawl Stone Soup version 0.29.0-4-gdea44cf6ec (webtiles) character file.

Game seed: 3567161800907209432

21 qw the Sneak (level 2, -4/19 HPs)
             Began as a Gargoyle Delver on Sept 10, 2022.
             Killed from afar by a white imp (9 damage)
             ... with a puff of frost
             ... on level 6 of the Dungeon.
             The game lasted 00:00:08 (376 turns).

qw the Sneak (Gargoyle Delver)                       Turns: 376, Time: 00:00:08

Health: -4/19      AC:  5    Str: 15    XL:     2   Next: 87%
Magic:  2/2        EV: 11    Int: 10    God:
Gold:   0          SH:  0    Dex: 11    Spells: 1/1 levels left

rFire   . . .      SeeInvis .   Y - +0 hand axe
rCold   . . .      Faith    .   (no shield)
rNeg    + . .      Spirit   .   b - +0 leather armour
rPois   inf        Reflect  .   (no helmet)
rElec   +          Harm     .   (no cloak)
rCorr   .          Rampage  .   (no gloves)
Will    .....                   (no boots)
Stlth   +++.......              (no amulet)
HPRegen 0.06/turn               (no ring)
MPRegen 0.08/turn               (no ring)

@: no status effects
A: sickness immunity, AC +2, negative energy resistance 1, electricity
resistance, torment resistance 1, petrification resistance
a: no special abilities


You were on level 6 of the Dungeon.
You visited 1 branch of the dungeon, and saw 4 of its levels.


Innate Abilities, Weirdness & Mutations

You are immune to sickness and miasma.
Your stone body is resilient. (AC +2)
You are immune to poison.
You resist negative energy. (rN+)
You are resistant to electric shocks. (rElec)
You are resistant to unholy torment.
You are immune to petrification.


   Skills:
 - Level 3.2 Fighting
 + Level 3.0 Axes
 - Level 1.5 Dodging
 - Level 5.4 Stealth


You had one spell level left.
You didn't know any spells.
Your spell library was empty.

Inventory:

Hand Weapons
 Y - a +0 hand axe (weapon)
Armour
 b - a +0 leather armour (worn)
Wands
 g - a wand of digging (3)
Potions
 f - a potion of haste
 h - a potion of mutation {unknown}

Dungeon Overview and Level Annotations

Branches:
Dungeon (6/15)
 Temple: D:4-7

Altars:


Message History

You miss the adder. The adder barely misses you.
You hit the adder.
The adder is heavily wounded.
The adder bites you. x2
You hit the adder.
The adder is almost dead.
The adder bites you.
You hit the adder.
You kill the adder!
Your Axes skill increases to level 3!
You start resting.
HP restored.
The white imp shouts, "Embrace thy dedition, thou hateful fly-bitten snake-molt!"
The white imp gestures at you. The puff of frost hits you!
Ouch! That really hurt!
The white imp barely misses you.
You hit the white imp.
You punch the white imp, but do no damage.
The white imp is moderately wounded.
The white imp barely misses you. x2
You closely miss the white imp.
The white imp is moderately wounded.
The white imp hits you but does no damage.
You hit the white imp.
The white imp is heavily wounded.
The white imp hits you but does no damage.
You closely miss the white imp.
The white imp is heavily wounded.
The white imp closely misses you.
You hit the white imp but do no damage.
The white imp is heavily wounded.
The white imp hits you. The white imp freezes you.
You barely miss the white imp.
The white imp is heavily wounded.
The white imp closely misses you. The white imp gestures at you.
The puff of frost hits you!
You die...

#.....# #
######.....#.#
#...#.........
#...#.###.....
#......%......
#......###.S##
#.....## .#
#...### #
#..@# #.5.#
#...# #####


You could see a white imp.

Vanquished Creatures
  2 adders (D:6)
  2 kobolds
  A ball python (D:3)
5 creatures vanquished.

Notes
Turn   | Place    | Note
-------+----------+-------------------------------------------
     0 | D:5      | qw the Gargoyle Delver began the quest for the Orb.
     0 | D:5      | Reached XP level 1. HP: 14/14 MP: 1/1
     0 | D:5      | 0 ||| qw: Version: 0.1-a-116-g5d60599
     0 | D:5      | 0 ||| qw: Game counter: 9490
     0 | D:5      | 0 ||| qw: Always use a shield: true
     0 | D:5      | 0 ||| qw: God list: Okawaru
     0 | D:5      | 0 ||| qw: Allow faded altars: false
     0 | D:5      | 0 ||| qw: Do Orc after D:15 true
     0 | D:5      | 0 ||| qw: Do second Lair branch before Depths: true
     0 | D:5      | 0 ||| qw: Lair rune preference: random
     0 | D:5      | 0 ||| qw: Plans: Normal
     0 | D:5      | 0 ||| PLANNING D:1-11
    23 | D:5      | 23 ||| READING scroll labelled JIOKIC SOIFOEFAZ.
    24 | D:5      | 24 ||| DROPPING scroll of fog.
    25 | D:5      | 25 ||| DROPPING scroll of magic mapping.
    26 | D:5      | 26 ||| DROPPING scroll of fear.
    92 | D:3      | You fall into a shaft and drop 3 floors!
    96 | D:6      | 96 ||| Stepping ~*~*~tactically~*~*~ (hiding).
   153 | D:6      | Reached XP level 2. HP: 15/19 MP: 2/2
   174 | D:6      | 174 ||| Stepping ~*~*~tactically~*~*~ (stealth).
   187 | D:6      | Reached skill level 3 in Axes
   376 | D:6      | Killed from afar by a white imp

Levels and vault maps discovered:
D:3:      layout_rooms, hangedman_decor_riveting
D:4:      corexii_shack_village, layout_rooms, temple_doors_e, uniq_eustachio
D:5:      nicolae_cairo_tiling, layout_basic, serial_shops,
          nicolae_shop_behind_doors, corexii_item_surrounded_by_moat,
          kennysheep_donut, nicolae_shop_gadgets, uniq_sigmund,
          uniq_blork_the_orc, uniq_duvessa, uniq_ijyb, uniq_grinder
D:6:      layout_rooms, tgw_trog, serial_shops, shop, shop,
          biasface_ghost_orc_armoury, uniq_maggie

Skill      XL: |  1  2 |
---------------+-------+-----
Axes           | 2 3 |  3.0
Fighting       | |  3.2
Dodging        | |  1.5
Stealth        | |  5.4

Action                   || total
-------------------------++-------
Melee: Hand axe          ||    25
       Punch             ||     1
  Use: Scroll            ||     1
Armor: Leather armour    ||     9
Dodge: Dodged            ||    14

Table legend:
 A = Non-vault XP
 B = Vault XP
 C = Vault XP percentage of total XP
 D = Non-vault monster count
 E = Vault monster count
 F = Vault count percentage of total count
                 A         B        C        D         E       F
            +---------+---------+-------+---------+---------+-------
      Total |      31 |       0 |   0.0 |       5 |       0 |   0.0
            +---------+---------+-------+---------+---------+-------
        D:3 |       2 |       0 |   0.0 |       2 |       0 |   0.0
        D:4 |       2 |       0 |   0.0 |       1 |       0 |   0.0
        D:6 |      27 |       0 |   0.0 |       2 |       0 |   0.0
            +---------+---------+-------+---------+---------+-------
